 Dungeon Crawl Stone Soup version 0.22-a0-78-g0f8607c5c5 (webtiles) character file.

66932 Vakaro the Unseen (level 14, 0/74 HPs)
             Began as a Spriggan Enchanter on Jan 17, 2018.
             Was the Champion of Dithmenos.
             Slain by a basilisk (3 damage)
             ... on level 6 of the Lair of Beasts.
             The game lasted 01:25:58 (27515 turns).

Vakaro the Unseen (Spriggan Enchanter)             Turns: 27515, Time: 01:25:59

Health: 0/74       AC: 11    Str:  7    XL:     14   Next: 81%
Magic:  15/31      EV:  4    Int: 18    God:    Dithmenos [******]
Gold:   1400       SH:  0    Dex: 30    Spells: 16/38 levels left

rFire    . . .     SeeInvis +   M - +3 rapier "Conopn" {venom, Fragile +Fly Dex+9 SInv}
rCold    . . .     Gourm    .   (shield restricted)
rNeg     + + +     Faith    .   b - +1 robe
rPois    ∞         Spirit   .   (helmet restricted)
rElec    .         Reflect  .   H - scarf {cloud immunity}
rCorr    .         Harm     .   (gloves unavailable)
MR       ++...                  (boots unavailable)
Stlth    ++++++++++             k - amulet of regeneration
HPRegen  0.62/turn              z - +4 ring of dexterity
MPRegen  0.22/turn              y - ring of Robustness {AC+8}

@: petrified, hasted, wreathed by umbra, very quick
A: very small, unfitting armour, see invisible, herbivore, speed 3, mutation
resistance 1, slow metabolism 2
a: Shadow Step, Shadow Form, Renounce Religion, Evoke Flight


You were on level 6 of the Lair of Beasts.
You worshipped Dithmenos.
Dithmenos was exalted by your worship.
You were not hungry.

You visited 3 branches of the dungeon, and saw 22 of its levels.
You also visited: Labyrinth and Ossuary.

You collected 1400 gold pieces.

Inventory:

Hand Weapons
 a - a +3 dagger
 v - a +3 dagger of speed
 A - a +0 rapier
 M - the +3 rapier "Conopn" (weapon) {venom, Fragile +Fly Dex+9 SInv}
   (You found it on level 13 of the Dungeon)

   It poisons the flesh of those it strikes.
   It affects your dexterity (+9).
   It lets you see invisible.
   It lets you fly.
   It will be destroyed if unequipped.
Armour
 b - a +1 robe (worn)
 H - a scarf of cloud immunity (worn)
Jewellery
 j - an uncursed ring of resist corrosion
 k - an amulet of regeneration (around neck)
 o - an uncursed amulet of faith {unknown}
 x - an uncursed ring of flight {unknown}
 y - the ring of Robustness (right hand) {AC+8}
   (You found it on level 6 of the Dungeon)

   [ring of protection]

   It affects your AC (+8).
 z - a +4 ring of dexterity (left hand)
 F - an uncursed ring of protection from magic
 G - an uncursed ring of protection from magic
 R - an uncursed ring of wizardry
Wands
 C - a wand of acid (26)
 I - a wand of enslavement (18)
 N - a wand of paralysis (21)
 O - a wand of polymorph (29)
 S - a wand of disintegration (10)
Scrolls
 c - 3 scrolls of fear
 g - 9 scrolls of remove curse
 n - 10 scrolls of teleportation
 q - a scroll of blinking
 s - 3 scrolls of amnesia
 E - 3 scrolls of enchant armour
 J - a scroll of fog
 P - 8 scrolls of identify
 T - a scroll of enchant weapon
Potions
 e - 3 potions of haste
 f - 4 potions of heal wounds
 h - a potion of mutation
 i - 9 potions of lignification
 l - a potion of brilliance
 m - 5 potions of agility
 p - 2 potions of ambrosia
 r - 7 potions of curing
 t - 2 potions of invisibility
 w - 3 potions of flight
 B - 5 potions of might
 D - 2 potions of resistance
 K - a potion of berserk rage
Books
 u - a book of Enchantments

   Spells                             Type                      Level
   a - Cause Fear                     Hexes                        4
   b - Yara's Violent Unravelling     Hexes/Transmutation          5
   c - Silence                        Hexes/Air                    5
   d - Deflect Missiles               Charms/Air                   6
   e - Discord                        Hexes                        8
Miscellaneous
 Q - a fan of gales
Comestibles
 d - 12 rations


   Skills:
 + Level 8.5 Fighting
 + Level 10.9 Short Blades
 + Level 13.9 Dodging
 + Level 19.9 Stealth
 + Level 12.6 Spellcasting
 * Level 13.1 Hexes


You had 16 spell levels left.
You knew the following spells:

 Your Spells              Type           Power        Failure   Level  Hunger
a - Ensorcelled Hibernat  Hex/Ice        #####.       1%          2    None
b - Corona                Hex            ######.      1%          1    None
c - Confuse               Hex            ######..     1%          3    None
d - Tukima's Dance        Hex            ######..     1%          3    None
e - Dazzling Spray        Conj/Hex       #####.       1%          3    None
f - Apportation           Tloc           ##....       6%          1    None
g - Cause Fear            Hex            ######....   1%          4    ##.....
h - Silence               Hex/Air        #####.....   11%         5    ####...


Dungeon Overview and Level Annotations

Branches:
Dungeon (15/15)            Temple (1/1) D:7            Lair (6/6) D:11
 Shoals (0/4) Lair:3       Spider (0/4) Lair:4        Slime (0/5) Lair:5
    Orc (0/2) D:12         Vaults (0/5) D:14
 Depths: D:15

Altars:
Ashenzari
Cheibriados
Dithmenos
Elyvilon
Fedhas
Gozag
Hepliaklqana
Kikubaaqudgha
Makhleb
Nemelex Xobeh
Okawaru
Qazlal
Ru
Sif Muna
Trog
Uskayaw
Vehumet
Wu Jian
Xom
Yredelemnul
Zin
The Shining One
Jiyva

Shops:
D:10 }


Innate Abilities, Weirdness & Mutations

You are very small and have problems with some larger weapons.
You are too small for most types of armour.
You have supernaturally acute eyesight. (SInv)
You are a herbivore.
You cover ground extremely quickly.
You need consume almost no food.
You are somewhat resistant to further mutation.


Message History

You feel yourself speed up. The death yak gores you!
You emit a cloud of dark smoke.
The basilisk bites you!
The basilisk gazes at the death yak.
The death yak resists with almost no effort.
The death yak misses you. The basilisk closely misses you.
You have turned to stone.
The death yak gores you. The basilisk bites you. The basilisk gazes at you.
You resist with almost no effort. The death yak gores you!!
You emit a cloud of dark smoke.
The basilisk bites you!
* * * LOW HITPOINT WARNING * * *
The basilisk is no longer blind.
The basilisk bites you but does no damage.
The death yak gores you!!
* * * LOW HITPOINT WARNING * * *
The basilisk bites you!
* * * LOW HITPOINT WARNING * * *
Your magical contamination has completely faded away.
The basilisk bites you.
You die...

#.............### *##≈§≈≈
##..........### *#≈≈≈≈.,
#..(......## ####....§.,
##..........###..l......,
#..........#.........l§.,
##.........#.#.........#§≈
#.#.....§§§#####......#≈§≈
##.....§lYl§## ##.†...#≈≈*
##.....§@§§.# #......≈≈*
#......§§§§.#**#......≈≈*
##......§§§§##*8#......#§*
#...........# **......#§§*
#...........# *,#8##.##§§*
##P........## **###*##≈≈≈≈
##........# *≈≈**≈≈**≈≈*
#........## *≈≈**≈≈**≈**
#.........##**≈≈≈≈≈≈***,


You could see a death yak and 2 basilisks.

Vanquished Creatures
  Rupert (D:12)
  3 acid blobs (Lair:5)
  Azrael (D:12)
  A minotaur (Lab)
  6 hydras
  4 two-headed ogres
  2 centaur warriors (D:13)
  A catoblepas (Lair:6)
  12 death yaks
  The ghost of bjoernd the Fighter, a novice GrFi of Makhleb (D:12)
  An unseen horror (Lab)
  A deep troll (D:14)
  A deep troll (shapeshifter) (D:14)
  A wizard (D:14)
  A deep elf mage (D:13)
  An ugly thing (D:12)
  6 cyclopes
  The ghost of medis the Cleaver, a novice MiFi of Okawaru (D:5)
  2 black mambas
  8 spiny frogs
  A gargoyle (D:14)
  A kobold demonologist (D:13)
  5 rime drakes
  8 komodo dragons
  An efreet (D:10)
  A polar bear (Lair:3)
  2 tengu conjurers (D:13)
  4 hornets
  2 trolls (D:10)
  7 hippogriffs
  A harpy skeleton (D:14)
  12 slime creatures
  4 dream sheep (Lair:3)
  A meliai zombie (D:14)
  9 blink frogs
  44 yaks
  A shadow (D:12)
  A tarantella (Lair:4)
  2 fire elementals (D:12)
  A wraith (D:15)
  A wyvern (D:9)
  2 basilisks (D:15)
  A yak (shapeshifter) (D:10)
  3 hungry ghosts
  An acid dragon (D:10)
  8 water moccasins
  5 hell hounds
  8 porcupines
  4 orc warriors
  5 sky beasts
  A hornet zombie (Ossuary)
  2 eyes of draining
  A black bear (D:8)
  6 ice beasts
  2 ogres
  22 wolves
  2 phantoms
  2 necrophages
  10 crocodiles
  4 centaurs
  4 big kobolds
  14 bullfrogs
  2 wyvern zombies
  A water moccasin zombie (D:9)
  A wyvern skeleton (D:9)
  A scorpion (D:6)
  10 killer bees
  5 wights (D:14)
  12 howler monkeys
  An electric eel (Lair:2)
  3 centaur zombies
  3 quasits
  4 bullfrog zombies
  8 crimson imps
  A gnoll shaman (D:10)
  4 orc priests
  8 hounds
  4 jellies
  15 orc wizards
  3 bullfrog skeletons
  4 centaur skeletons
  4 iguanas
  Terence (D:2)
  13 worker ants
  A killer bee zombie (Ossuary)
  A hound zombie (Ossuary)
  3 hound skeletons
  A howler monkey zombie (Ossuary)
  16 mummies
  4 worker ant zombies
  Robin (D:3)
  11 gnolls
  12 adders
  5 shadow imps
  5 oozes (D:9)
  3 adder zombies (Ossuary)
  An adder skeleton (D:9)
  3 worms
  2 dart slugs
  3 leopard geckos
  45 orcs
  9 bats
  5 giant cockroaches
  9 hobgoblins
  10 jackals
  19 kobolds
  5 quokkas
  A ball python (D:5)
  A ball python zombie (Ossuary)
  8 frilled lizards
  A giant cockroach zombie (D:6)
  11 goblins
  A hobgoblin zombie (D:7)
  A jackal skeleton (D:6)
  A jackal zombie (Ossuary)
  A kobold zombie (D:7)
  2 leopard gecko skeletons
  A leopard gecko zombie (D:6)
  2 quokka zombies (Ossuary)
  5 rats
589 creatures vanquished.

Vanquished Creatures (collateral kills)
  An orc warrior (D:13)
  A gnoll (D:2)
  An orc (D:11)
  A kobold (D:3)
4 creatures vanquished.

Vanquished Creatures (others)
  A centaur zombie (D:13)
  2 slime creatures (D:13)
  2 dancing weapons
  A quokka (D:5)
  3 withered plants (Ossuary)
9 creatures vanquished.

Grand Total: 602 creatures vanquished

Notes
Turn   | Place    | Note
-------+----------+-------------------------------------------
     0 | D:1      | Vakaro the Spriggan Enchanter began the quest for the Orb.
     0 | D:1      | Reached XP level 1. HP: 9/9 MP: 5/5
   478 | D:1      | Reached XP level 2. HP: 13/13 MP: 7/7
   482 | D:1      | Learned a level 2 spell: Ensorcelled Hibernation
  1157 | D:2      | Noticed Terence
  1573 | D:2      | Reached XP level 3. HP: 16/16 MP: 6/9
  1581 | D:2      | Learned a level 3 spell: Confuse
  1585 | D:2      | Learned a level 3 spell: Tukima's Dance
  2016 | D:2      | Gained mutation: You are somewhat resistant to further mutation. [potion of mutation]
  2127 | D:2      | Reached XP level 4. HP: 21/21 MP: 0/11
  2380 | D:2      | Killed Terence
  2380 | D:2      | Reached skill level 5 in Hexes
  2711 | D:2      | Found a blossoming altar of Fedhas.
  2825 | D:3      | Noticed Robin
  2932 | D:2      | Learned a level 3 spell: Dazzling Spray
  3066 | D:3      | Killed Robin
  3066 | D:3      | Reached skill level 5 in Spellcasting
  3066 | D:3      | Reached XP level 5. HP: 22/24 MP: 7/13
  3478 | D:3      | Reached skill level 5 in Stealth
  4081 | D:4      | Reached skill level 6 in Stealth
  4639 | D:4      | Reached skill level 7 in Stealth
  4639 | D:4      | Reached XP level 6. HP: 28/28 MP: 2/14
  4959 | D:5      | Entered Level 5 of the Dungeon
  5109 | D:5      | Found a white marble altar of Elyvilon.
  5178 | D:5      | Noticed an orc warrior
  5499 | D:5      | Noticed medis's ghost (novice MiFi)
  5798 | D:5      | Reached skill level 8 in Stealth
  5885 | D:6      | Reached skill level 9 in Stealth
  5888 | D:6      | Reached XP level 7. HP: 32/32 MP: 15/15
  5970 | D:6      | Reached skill level 10 in Stealth
  6023 | D:5      | Reached skill level 11 in Stealth
  6601 | D:5      | Killed medis's ghost
  6601 | D:5      | Reached skill level 13 in Stealth
  6601 | D:5      | Reached XP level 8. HP: 18/36 MP: 2/16
  6871 | D:3      | Found a hazy altar of Hepliaklqana.
  7751 | D:5      | Reached skill level 14 in Stealth
  8189 | D:6      | Found a shadowy altar of Dithmenos.
  8193 | D:6      | Became a worshipper of Dithmenos the Shadowed
  8242 | D:6      | Found the ring of Robustness {AC+8}
  8392 | D:6      | You fall through a shaft!
  8404 | D:7      | Reached skill level 15 in Stealth
  8410 | D:7      | Found a bloodstained altar of Trog.
  8460 | D:7      | Found a deep blue altar of Sif Muna.
  8503 | D:7      | Found an ornate altar of the Wu Jian Council.
  8625 | D:7      | Found a staircase to the Ecumenical Temple.
  8631 | Temple   | Entered the Ecumenical Temple
  8874 | D:7      | Found a sand-covered staircase.
  8879 | Ossuary  | Entered an ossuary
  9102 | Ossuary  | Reached * piety under Dithmenos
  9378 | Ossuary  | Reached XP level 9. HP: 40/40 MP: 13/17
  9578 | Ossuary  | Reached skill level 1 in Fighting
 11591 | D:8      | Noticed a two-headed ogre
 11597 | D:8      | Killed a two-headed ogre
 11597 | D:8      | Reached skill level 5 in Dodging
 11730 | D:8      | Reached ** piety under Dithmenos
 11838 | D:8      | Reached XP level 10. HP: 48/48 MP: 14/21
 12174 | D:9      | Found a hide-covered altar of Uskayaw.
 12402 | D:9      | Reached skill level 16 in Stealth
 12511 | D:9      | Found a deep blue altar of Sif Muna.
 12629 | D:9      | Identified Sif Muna's Guide on Combat Magic
 12657 | D:9      | Found a burning altar of Makhleb.
 13113 | D:9      | Reached skill level 5 in Short Blades
 13215 | D:9      | Reached *** piety under Dithmenos
 13278 | D:10     | Entered Level 10 of the Dungeon
 13613 | D:10     | Noticed a two-headed ogre
 13619 | D:10     | Killed a two-headed ogre
 13962 | D:10     | Found Pattu's Gadget Shop.
 14234 | D:10     | Reached XP level 11. HP: 53/53 MP: 21/24
 14254 | D:10     | Reached **** piety under Dithmenos
 14952 | D:11     | Found a deep blue altar of Sif Muna.
 14978 | D:11     | Found a staircase to the Lair.
 15834 | D:12     | Noticed bjoernd's ghost (novice GrFi)
 16191 | D:12     | Reached ***** piety under Dithmenos
 16507 | D:12     | Killed bjoernd's ghost
 16507 | D:12     | Reached skill level 17 in Stealth
 16584 | D:12     | Noticed Rupert
 16596 | D:12     | Killed Rupert
 16596 | D:12     | Reached skill level 5 in Fighting
 16847 | D:12     | Noticed a two-headed ogre
 16916 | D:12     | Killed a two-headed ogre
 17052 | D:12     | Reached skill level 10 in Dodging
 17052 | D:12     | Reached XP level 12. HP: 60/60 MP: 26/26
 17417 | D:12     | Found a staircase to the Orcish Mines.
 17443 | D:12     | Noticed a two-headed ogre
 17453 | D:12     | Killed a two-headed ogre
 17519 | D:13     | Reached skill level 10 in Hexes
 17526 | D:13     | Noticed a six-headed hydra
 17530 | D:13     | Noticed a centaur warrior
 17554 | D:12     | Killed a six-headed hydra
 17715 | D:13     | Killed a centaur warrior
 17715 | D:13     | Reached skill level 10 in Spellcasting
 17967 | D:13     | Noticed Azrael
 18417 | D:12     | Killed Azrael
 18417 | D:12     | Reached skill level 18 in Stealth
 18463 | D:13     | Got a brightly glowing rapier {venom}
 18464 | D:13     | Identified the +3 rapier "Conopn" {venom, Fragile +Fly Dex+9 SInv} (You found it on level 13 of the Dungeon)
 18769 | D:13     | Noticed a centaur warrior
 18795 | D:13     | Killed a centaur warrior
 18936 | D:13     | Reached ****** piety under Dithmenos
 19126 | D:14     | Found a labyrinth entrance.
 19152 | Lab      | Entered a labyrinth
 19371 | Lab      | Noticed a minotaur
 19403 | Lab      | Killed a minotaur
 19470 | D:14     | Reached XP level 13. HP: 66/66 MP: 28/28
 19555 | D:14     | Found a gate to the Vaults.
 20293 | D:15     | Entered Level 15 of the Dungeon
 20433 | Lair:1   | Entered Level 1 of the Lair of Beasts
 22958 | Lair:3   | Found a hazy altar of Hepliaklqana.
 23046 | Lair:3   | Found a staircase to the Shoals.
 23065 | Lair:3   | Reached skill level 19 in Stealth
 23324 | Lair:3   | Learned a level 1 spell: Apportation
 23760 | Lair:4   | Reached skill level 10 in Short Blades
 23954 | Lair:4   | Reached XP level 14. HP: 72/72 MP: 30/30
 24300 | Lair:4   | Found a hole to the Spider Nest.
 26061 | Lair:5   | Learned a level 4 spell: Cause Fear
 26067 | Lair:5   | Learned a level 5 spell: Silence
 26077 | Lair:5   | Found a runed door.
 26077 | Lair:5   | Found a viscous altar of Jiyva.
 26077 | Lair:5   | Found a staircase to the Slime Pits.
 26077 | Lair:5   | Noticed an acid blob
 26077 | Lair:5   | Noticed an acid blob
 26077 | Lair:5   | Noticed an acid blob
 26082 | Lair:5   | Killed an acid blob
 26084 | Lair:5   | Killed an acid blob
 26086 | Lair:5   | Killed an acid blob
 26678 | Lair:6   | Entered Level 6 of the Lair of Beasts
 27514 | Lair:6   | HP: 2/74 [basilisk (7)]
 27515 | Lair:6   | Slain by a basilisk

Vault maps used:
D:1:      dpeg_arrival_snail
D:2:      fedhas_altar_4, uniq_terence
D:3:      lemuel_doored_altar, first_ration, uniq_robin
D:4:      hangedman_decor_slide_cut
D:5:      elyvilon_altar_4
D:6:      lemuel_crystal_altar, st_stairs_11
D:7:      old_standard_altar, marbit_many_paths, old_standard_altar,
          minmay_temple_entry_enclosed_plants, nicolae_ossuary_entry_giza
D:9:      makhleb_blood_cavern_becter, eat_drink_and_be_merry_uskayaw,
          hangedman_little_slice_of_home, led_sif_book
D:10:     minmay_bloctagon_deflated, serial_shops, shop
D:11:     minmay_lair_entry_lava, basic_altar, st_stairs_13
D:12:     hiddenorc1_lemuel, hangedman_abyss_or_decor_jellyfish_corner,
          uniq_rupert
D:13:     uniq_azrael
D:14:     david_vaults_4, lab_entry_generic, minmay_tree_intersection,
          minmay_unpleasant_kobolds
D:15:     gammafunk_depths_entry_grave, basic_altar, nicolae_ru_awakened_eye,
          roderic_serpentine_path
Temple:   cyrus_circular_temple
Lair:2:   infiniplex_staircase_pool
Lair:3:   elwin_shoals_entry_rocks, basic_altar, lemuel_fruit_tree,
          serial_bayou_shore_b
Lair:4:   cheibrodos_lair_overgrown_chateau, spider_nest_entry_rubble
Lair:5:   slime_altar_2, st_stairs_7, grunt_megastairs_5,
          infiniplex_staircase_pool_2
Lair:6:   cheibrodos_lair_end_hotspot
Lab:      labyrinth_watery, lab_block, lab_hedge, nicolae_lab_do_over,
          labyrinth_fake_exit, nicolae_lab_flowing_pool, nicolae_lab_diamond,
          nicolae_lab_grate_2, nicolae_lab_stuck, nicolae_lab_big_swirl,
          nicolae_lab_hexagon, labyrinth_skeletal_remains, nicolae_lab_plus,
          lab_fountain
Ossuary:  ossuary_zaba_flooded

Skill      XL: |  1  2  3  4  5  6  7  8  9 10 11 12 13 14 |
---------------+-------------------------------------------+-----
Spellcasting   | 3 4 5 6 8 9 10 11 12 | 12.6
Hexes          | 4 5 7 8 9 10 11 13 | 13.1
Stealth        | 7 9 13 15 16 17 18 19 | 19.9
Short Blades   | 4 5 7 8 10 | 10.9
Fighting       | 2 4 5 6 7 8 |  8.5
Dodging        | 6 8 10 11 12 13 | 13.9

Action                   |  1- 3 |  4- 6 |  7- 9 | 10-12 | 13-15 || total
-------------------------+-------+-------+-------+-------+-------++-------
Melee: Dagger            |    79 |   152 |   367 |   653 |       ||  1251
       Rapier            |       |       |       |    76 |   314 ||   390
 Cast: Corona            |     8 |       |       |       |       ||     8
       Ensorcelled Hiber |    22 |    55 |    41 |   137 |   122 ||   377
       Tukima's Dance    |     1 |     3 |     1 |     2 |       ||     7
       Confuse           |       |    16 |    68 |    96 |    13 ||   193
       Dazzling Spray    |       |     1 |     5 |    21 |    41 ||    68
Invok: Shadow Step       |       |       |       |       |     1 ||     1
Evoke: Wand              |       |       |     3 |     3 |     2 ||     8
  Use: Scroll            |     6 |     8 |    10 |     6 |     5 ||    35
       Potion            |     1 |       |     7 |     4 |     1 ||    13
 Stab: Sleeping          |    17 |    35 |    53 |   104 |   132 ||   341
       Confused          |       |     5 |    26 |    61 |    10 ||   102
       Distracted        |       |     1 |     3 |       |     3 ||     7
       Invisible         |       |       |     4 |    12 |     9 ||    25
  Eat: Ration            |       |     2 |     7 |     5 |     3 ||    17
Armor: Robe              |    12 |    18 |    29 |    76 |    28 ||   163
Dodge: Dodged            |    69 |   160 |   217 |   579 |   479 ||  1504

Table legend:
 A = Spawn XP
 B = Non-spawn XP
 C = Spawn XP percentage of total XP
 D = Spawn monster count
 E = Non-spawn monster count
 F = Spawn count percentage of total count
 G = Total turns spent on level
                    A         B        C        D         E        F      G
               +---------+---------+-------+---------+---------+-------+---------
         Total |       0 |   95618 |   0.0 |       0 |     592 |   0.0 | 27515
               +---------+---------+-------+---------+---------+-------+---------
           D:1 |       0 |      25 |   0.0 |       0 |      14 |   0.0 |  1452
           D:2 |       0 |     168 |   0.0 |       0 |      33 |   0.0 |  1604
           D:3 |       0 |     205 |   0.0 |       0 |      34 |   0.0 |  1499
           D:4 |       0 |     185 |   0.0 |       0 |      15 |   0.0 |  1782
           D:5 |       0 |     997 |   0.0 |       0 |      17 |   0.0 |  1466
           D:6 |       0 |     746 |   0.0 |       0 |      29 |   0.0 |   993
           D:7 |       0 |     246 |   0.0 |       0 |       8 |   0.0 |  1195
           D:8 |       0 |    2548 |   0.0 |       0 |      23 |   0.0 |   770
           D:9 |       0 |    2272 |   0.0 |       0 |      43 |   0.0 |  1346
          D:10 |       0 |    4236 |   0.0 |       0 |      38 |   0.0 |  1186
          D:11 |       0 |    1172 |   0.0 |       0 |      31 |   0.0 |  1698
          D:12 |       0 |   15232 |   0.0 |       0 |      54 |   0.0 |  1994
          D:13 |       0 |    6280 |   0.0 |       0 |      35 |   0.0 |  1076
          D:14 |       0 |    7784 |   0.0 |       0 |      27 |   0.0 |   874
          D:15 |       0 |     601 |   0.0 |       0 |       3 |   0.0 |    42
        Lair:1 |       0 |    6296 |   0.0 |       0 |      27 |   0.0 |  1211
        Lair:2 |       0 |    1847 |   0.0 |       0 |      10 |   0.0 |   938
        Lair:3 |       0 |    7945 |   0.0 |       0 |      36 |   0.0 |  1092
        Lair:4 |       0 |   11079 |   0.0 |       0 |      39 |   0.0 |  1874
        Lair:5 |       0 |   11796 |   0.0 |       0 |      22 |   0.0 |  1100
        Lair:6 |       0 |   11026 |   0.0 |       0 |      18 |   0.0 |   633
           Lab |       0 |    2208 |   0.0 |       0 |       4 |   0.0 |   311
       Ossuary |       0 |     724 |   0.0 |       0 |      32 |   0.0 |  1319
               +---------+---------+-------+---------+---------+-------+---------
